 Dungeon Crawl Stone Soup version 0.28.0-1-gb440e238dd (webtiles) character file.

Game seed: 3830769846556948737

507 Hasart the Vexing (level 6, -1/32 HPs)
             Began as a Vampire Enchanter on Feb 19, 2022.
             Slain by an orc (5 damage)
             ... on level 5 of the Dungeon.
             The game lasted 00:07:51 (3719 turns).

Hasart the Vexing (Vampire Enchanter)               Turns: 3719, Time: 00:07:52

Health: -1/32      AC:  3    Str: 13    XL:     6   Next: 97%
Magic:  10/10      EV: 13    Int: 19    God:
Gold:   96         SH:  0    Dex: 15    Spells: 0/11 levels left

rFire   . . .      SeeInvis +   j - +0 dagger (venom)
rCold   + + .      Faith    .   (no shield)
rNeg    + + +      Spirit   .   b - +0 robe
rPois   ∞          Reflect  .   (no helmet)
rElec   .          Harm     .   (no cloak)
rCorr   .          Rampage  .   o - +0 pair of gloves
Will    .....                   (no boots)
Stlth   +++++.....              (no amulet)
HPRegen 0.00/turn               d - +6 ring of strength
MPRegen 0.12/turn               (no ring)

@: bloodless, inhibited regen
A: bloodless, fangs 3, see invisible, vampiric 2
a: Bat Form, Revivify


You were on level 5 of the Dungeon.
You visited 1 branch of the dungeon, and saw 5 of its levels.

You collected 96 gold pieces.

Inventory:

Hand Weapons
 j - a +0 dagger of venom (weapon)
 k - a +2 dagger of pain
Armour
 b - a +0 robe (worn)
 o - a +0 pair of gloves (worn)
 x - a +2 buckler
Jewellery
 d - a +6 ring of strength (left hand)
 s - a +6 ring of dexterity
Scrolls
 e - 4 scrolls of teleportation {unknown}
 f - a scroll of torment {unknown}
 g - a scroll of identify {unknown}
 h - a scroll of noise {unknown}
 i - a scroll of vulnerability {unknown}
 m - a scroll of blinking {unknown}
 n - a scroll of immolation {unknown}
 u - a scroll of fog {unknown}
 v - a scroll of amnesia {unknown}
Potions
 a - a potion of resistance {unknown}
 c - 2 potions of invisibility
 l - a potion of mutation {unknown}
 p - a potion of curing {unknown}
 q - a potion of flight {unknown}
 r - a potion of degeneration {unknown}
 t - a potion of heal wounds {unknown}
 w - a potion of brilliance {unknown}


   Skills:
 * Level 3.8 Short Blades
 + Level 3.3 Dodging
 + Level 5.9 Stealth
 + Level 3.0 Spellcasting
 + Level 0.0 Conjurations
 * Level 6.7 Hexes
 + Level 2.1 Necromancy
 + Level 1.7 Ice Magic


You couldn't memorise any spells.
You knew the following spells:

 Your Spells              Type           Power      Damage    Failure   Level
a - Ensorcelled Hibernat  Hex/Ice        38%        N/A       4%          2
b - Confusing Touch       Hex            28%        N/A       2%          3
c - Tukima's Dance        Hex            28%        N/A       2%          3
d - Dazzling Flash        Conj/Hex       30%        N/A       11%         3

Your spell library contained the following spells:

 Spells                   Type           Power      Damage    Failure   Level
 Sandblast                Erth           4%         2d4       16%         1
 Passwall                 Tmut/Erth      1%         N/A       22%         2
 Stone Arrow              Conj/Erth      6%         3d7       41%         3
 Summon Forest            Summ/Tloc      1%         N/A       99%         5
 Eringya's Noxious Bog    Tmut/Pois      1%         N/A       100%        6
 Summon Hydra             Summ           1%         N/A       100%        7


Dungeon Overview and Level Annotations

Branches:
Dungeon (5/15)
 Temple: D:4-7

Altars:
Yredelemnul


Innate Abilities, Weirdness & Mutations

You do not regenerate when monsters are visible.
You are frail without blood (-20% HP).
You can heal yourself when you bite living creatures.
You are immune to poison.
You have razor-sharp teeth.
You have supernaturally acute eyesight. (SInv)
You are afflicted with vampirism and can become a bat while bloodless.


Message History

The orc shouts!
The orc throws a boomerang.
The boomerang hits you.
An adder comes into view.
The orc throws a boomerang.
The boomerang hits you.
You see here a +2 buckler.
x - a +2 buckler The orc hits you with a +2 dagger of speed.
You hit the orc.
The orc is poisoned.
The orc is heavily wounded.
The orc hits you with a +2 dagger of speed.
You hit the orc.
The orc looks as sick as possible!
The orc is severely wounded.
You kill the orc!
The orc barely misses you.
Unknown command.
The orc closely misses you.
The quokka twitches its whiskers.
There is a stone staircase leading down here.
You hit the orc.
The orc is poisoned.
The orc is moderately wounded.
You hit the orc.
You kill the orc!
The orc hits you with a +0 mace!
Unknown command.
You closely miss the orc.
Unknown command.
The orc hits you with a +0 mace.
You climb downwards.
There is a stone staircase leading up here.
You closely miss the orc. The orc misses you. The orc barely misses you.
You hit the orc.
The orc is lightly wounded.
The orc hits you with a +0 dagger. The orc misses you.
You hit the orc but do no damage.
The orc is poisoned.
The orc completely misses you. The orc hits you with a +0 mace.
* * * LOW HITPOINT WARNING * * *
You hit the orc but do no damage.
The orc looks as sick as possible!
The orc is moderately wounded.
The orc barely misses you. The orc hits you with a +0 mace.
You die... ############### ......o@o...... ###############

You could see 2 orcs.

Vanquished Creatures
  A steam dragon (D:4)
  An ogre (D:4)
  A centaur (D:3)
  A jelly (D:4)
  An orc priest (D:3)
  An orc wizard (D:3)
  5 adders
  A worm (D:2)
  3 dart slugs
  12 orcs
  3 endoplasms
  2 giant cockroaches
  4 goblins
  4 hobgoblins
  4 jackals
  2 quokkas
  8 ball pythons
  7 bats
  2 frilled lizards
  6 kobolds
  5 rats
74 creatures vanquished.

Notes
Turn   | Place    | Note
-------+----------+-------------------------------------------
     0 | D:1      | Hasart the Vampire Enchanter began the quest for the Orb.
     0 | D:1      | Reached XP level 1. HP: 13/13 MP: 3/3
   146 | D:1      | Reached XP level 2. HP: 5/19 MP: 5/5
   411 | D:1      | Learned a level 2 spell: Ensorcelled Hibernation
   996 | D:2      | Reached skill level 5 in Hexes
   996 | D:2      | Gained mutation: You are afflicted with vampirism and can
                  | become a bat while bloodless. [Vampire growth]
   996 | D:2      | Reached XP level 3. HP: 15/19 MP: 6/6
  1590 | D:2      | Found a faded altar of an unknown god.
  1673 | D:2      | Reached skill level 5 in Stealth
  1987 | D:3      | Reached XP level 4. HP: 24/24 MP: 4/7
  2223 | D:3      | Reached skill level 1 in Necromancy
  2472 | D:3      | Reached XP level 5. HP: 24/28 MP: 8/8
  2693 | D:3      | Noticed a centaur
  2707 | D:3      | Killed a centaur
  2708 | D:3      | Reached skill level 6 in Hexes
  2708 | D:3      | Reached skill level 1 in Ice Magic
  2904 | D:3      | Found a basalt altar of Yredelemnul.
  3372 | D:4      | Noticed a steam dragon
  3383 | D:4      | Reached XP level 6. HP: 32/32 MP: 7/10
  3399 | D:4      | Killed a steam dragon
  3667 | D:4      | Learned a level 3 spell: Confusing Touch
  3671 | D:4      | Learned a level 3 spell: Tukima's Dance
  3675 | D:4      | Learned a level 3 spell: Dazzling Flash
  3715 | D:5      | Entered Level 5 of the Dungeon
  3719 | D:5      | Slain by an orc

Illustrated notes

Levels and vault maps discovered:
D:1:      saegor_arrival_simple_e, layout_basic
D:2:      layout_rooms, chequers_ecumenical_altar_lobes
D:3:      layout_basic, mainiacjoe_overflow_six_doors_small
D:4:      layout_cave_pools, chequers_arboretum
D:5:      layout_basic, uniq_sigmund, uniq_duvessa

Skill      XL: |  1  2  3  4  5  6 |
---------------+-------------------+-----
Hexes          | 5 6 |  6.7
Short Blades   | 2 3 |  3.8
Stealth        | 5 |  5.9
Necromancy     | 1 2 |  2.1
Dodging        | 3 |  3.3
Ice Magic      | 1 |  1.7
Spellcasting   | 3 |  3.0

Action                   |  1- 3 |  4- 6 || total
-------------------------+-------+-------++-------
Melee: Dagger            |    75 |   104 ||   179
       Bite              |     4 |    10 ||    14
 Cast: Ensorcelled Hiber |     1 |    14 ||    15
 Abil: Exsanguinate      |     1 |       ||     1
 Stab: Sleeping          |    17 |    14 ||    31
Armor: Robe              |    12 |    13 ||    25
Dodge: Dodged            |    38 |    62 ||   100
